 Dungeon Crawl Stone Soup version 0.27-a0-1301-g128193abf8 (webtiles) character file.

Game seed: 581943906225941471

1273 Johnny the Magician (level 8, -5/47 (51) HPs)
             Began as a Deep Elf Earth Elementalist on June 17, 2021.
             Was an Initiate of Dithmenos.
             Slain by a wight (9 damage)
             ... on level 6 of the Dungeon.
             The game lasted 00:05:14 (7571 turns).

Johnny the Magician (Deep Elf Earth Elementalist)   Turns: 7571, Time: 00:05:14

HP:   -5/47 (51)    AC:  5    Str:  5    XL:     8   Next: 28%
MP:   1/20          EV: 12    Int: 23    God:    Dithmenos [......]
Gold: 119           SH:  0    Dex: 15    Spells: 17/21 levels left

rFire    . . .     SeeInvis .   o - +2 quarterstaff (chaos)
rCold    . . .     Faith    .   (shield currently unavailable)
rNeg     . . .     Spirit   .   b - +0 robe
rPois    .         Reflect  .   w - +0 helmet
rElec    .         Harm     .   p - +0 cloak
rCorr    .         Rampage  .   j - +0 pair of gloves
Will     +....                  (no boots)
Stlth    ++........             (no amulet)
HPRegen  0.15/turn              c - ring of willpower
MPRegen  0.17/turn              (no ring)

@: drained
A: no striking features
a: Renounce Religion


You were on level 6 of the Dungeon.
You worshipped Dithmenos.
Dithmenos was noncommittal.
You visited 2 branches of the dungeon, and saw 7 of its levels.
You also visited: Sewer.

You collected 175 gold pieces.
You spent 56 gold pieces at shops.

Inventory:

Hand Weapons
 e - a +0 short sword
 i - a +2 dagger of holy wrath
 m - a +0 dagger of venom
 o - a +2 quarterstaff of chaos (weapon)
Missiles
 s - a curare-tipped dart
 y - 71 stones
Armour
 b - a +0 robe (worn)
 j - a +0 pair of gloves (worn)
 p - a +0 cloak (worn)
 w - a +0 helmet (worn)
 A - a +2 chain mail of poison resistance
Magical Staves
 F - a staff of cold
Jewellery
 c - a ring of willpower (left hand)
Wands
 z - a wand of iceblast (3)
 H - a wand of polymorph (8)
Scrolls
 a - a scroll of brand weapon {unknown}
 k - a scroll of holy word {unknown}
 l - 2 scrolls of vulnerability {unknown}
 n - a scroll of acquirement {unknown}
 r - a scroll of summoning {unknown}
 v - a scroll of noise {unknown}
 x - a scroll of fog {unknown}
 B - a scroll of amnesia {unknown}
 C - 2 scrolls of teleportation {unknown}
 D - a scroll of enchant weapon {unknown}
 E - 2 scrolls of blinking {unknown}
Potions
 d - a potion of brilliance {unknown}
 f - a potion of attraction {unknown}
 g - 3 potions of degeneration {unknown}
 h - 2 potions of resistance
 q - 2 potions of curing
 t - a potion of heal wounds {unknown}
 u - 2 potions of flight {unknown}
 G - a potion of haste {unknown}


   Skills:
 * Level 5.8 Fighting
 - Level 2.4 Dodging
 - Level 2.4 Stealth
 + Level 7.2 Spellcasting
 - Level 1.1 Transmutations
 + Level 6.3 Earth Magic


You had 17 spell levels left.
You knew the following spells:

 Your Spells              Type           Power      Damage    Failure   Level
a - Sandblast             Erth           74%        2d16      1%          1
b - Stone Arrow           Conj/Erth      46%        3d9       6%          3

Your spell library contained the following spells:

 Spells                   Type           Power      Damage    Failure   Level
 Passwall                 Tmut/Erth      20%        N/A       2%          2
 Petrify                  Tmut/Erth      25%        N/A       16%         4
 Lee's Rapid Deconstruct  Erth           18%        3d12*     16%         5


Dungeon Overview and Level Annotations

Branches:
Dungeon (6/15)             Temple (1/1) D:4           Sewer (visited)

Altars:
Cheibriados
Dithmenos
Elyvilon
Fedhas
Gozag
Hepliaklqana
Kikubaaqudgha
Makhleb
Nemelex Xobeh
Okawaru
Qazlal
Ru
Sif Muna
Trog
Uskayaw
Vehumet
Wu Jian
Xom
Yredelemnul
Zin
The Shining One

Shops:
D:3 *

Annotations:
D:3 2 transporters, BlueGoblin's ghost, amateur PaFi


Message History

Aiming: Stone Arrow (dangerous; 6% risk of failure)
Press: ? - help, Shift-Dir - straight line, f - wight
Aim: a wight, wielding a +3 long sword of freezing, wearing a +0 robe and quivering stones (71% to hit)
You miscast Stone Arrow.
You are very lightly contaminated with residual magic.
Nothing appears to happen.
The wight throws a stone.
The stone hits you.
Casting: Stone Arrow (dangerous; 6% risk of failure)
Confirm with . or Enter, or press ? or * to list all spells.
Aiming: Stone Arrow (dangerous; 6% risk of failure)
Press: ? - help, Shift-Dir - straight line, f/p - wight
Aim: a wight, wielding a +3 long sword of freezing, wearing a +0 robe and quivering stones (71% to hit)
The stone arrow hits the wight!
The wight is heavily damaged.
The wight throws a stone.
The stone hits you.
Casting: Stone Arrow (dangerous; 6% risk of failure)
Confirm with . or Enter, or press ? or * to list all spells.
Aiming: Stone Arrow (dangerous; 6% risk of failure)
Press: ? - help, Shift-Dir - straight line, f/p - wight
Aim: a wight, wielding a +3 long sword of freezing, wearing a +0 robe and quivering stones (heavily damaged, 71% to hit)
The stone arrow misses the wight.
The wight throws a stone.
The stone closely misses you.
Casting: Stone Arrow (dangerous; 6% risk of failure)
Confirm with . or Enter, or press ? or * to list all spells.
You don't have enough magic to cast this spell.
Casting: Stone Arrow (dangerous; 6% risk of failure)
Confirm with . or Enter, or press ? or * to list all spells.
You don't have enough magic to cast this spell.
Casting: Stone Arrow (dangerous; 6% risk of failure)
Confirm with . or Enter, or press ? or * to list all spells.
You don't have enough magic to cast this spell.
The wight closely misses you.
The wight hits you with a +3 long sword of freezing!
You feel drained. The wight freezes you.
The wight throws a stone.
The stone closely misses you.
Your magical contamination has completely faded away.
There is a stone staircase leading up here.
The wight hits you with a +2 great sword!!
* * * LOW HITPOINT WARNING * * *
You feel drained.
You die...

##.....######.#
#########.....).......#
..........(......######
....####.........# .
#.........# #.........#
#.........# ##...zz..##
#....@....# #.........#
#.........# #.........#
#.........# ##.......##
##.....## #######


You could see 2 wights.

Vanquished Creatures
  Grinder (D:3)
  Edmund (D:5)
  An ice beast (D:4)
  A kobold brigand (Sewer)
  A bullfrog (D:6)
  2 scorpions
  A wyvern skeleton (D:5)
  A wight (D:6)
  A bullfrog zombie (D:5)
  4 hounds
  Crazy Yiuf (D:2)
  A jelly (D:4)
  Jessica (D:2)
  2 bullfrog skeletons
  2 iguanas
  Robin (D:4)
  3 adders
  A river rat (D:3)
  A shadow imp (D:5)
  A white imp (D:3)
  An adder skeleton (D:4)
  5 dart slugs
  2 orcs (D:4)
  3 endoplasms (D:3)
  2 giant cockroaches (D:3)
  12 goblins
  14 hobgoblins
  12 jackals
  11 kobolds
  9 quokkas
  6 ball pythons
  2 bats
  3 frilled lizards
  14 rats
124 creatures vanquished.

Vanquished Creatures (others)
  9 plants (D:1)
9 creatures vanquished.

Grand Total: 133 creatures vanquished

Notes
Turn   | Place    | Note
-------+----------+-------------------------------------------
     0 | D:1      | Johnny the Deep Elf Earth Elementalist began the quest for
                  | the Orb.
     0 | D:1      | Reached XP level 1. HP: 10/10 MP: 6/6
   295 | D:1      | Reached XP level 2. HP: 16/16 MP: 6/8
   298 | D:1      | Reached skill level 1 in Fighting
   376 | D:1      | Found a faded altar of an unknown god.
  1457 | D:2      | Reached XP level 3. HP: 9/20 MP: 7/10
  1845 | D:2      | Found a runed translucent door.
  1846 | D:2      | Noticed Crazy Yiuf
  2098 | D:2      | Noticed Jessica
  2099 | D:2      | Killed Jessica
  2100 | D:2      | Reached XP level 4. HP: 26/26 MP: 9/11
  2679 | D:2      | Killed Crazy Yiuf
  2680 | D:2      | Reached skill level 4 in Spellcasting
  2835 | D:3      | Found a transporter.
  2839 | D:3      | Noticed BlueGoblin's ghost (amateur PaFi)
  2975 | D:3      | Found Giveitu's General Store.
  2984 | D:3      | Bought a potion of curing for 36 gold pieces
  2984 | D:3      | Bought 17 stones for 20 gold pieces
  3066 | D:3      | Found a transporter.
  3079 | D:3      | Noticed Grinder
  3089 | D:3      | Killed Grinder
  3090 | D:3      | Reached skill level 5 in Spellcasting
  3090 | D:3      | Reached XP level 5. HP: 4/32 MP: 9/14
  3090 | D:3      | Reached XP level 6. HP: 5/37 MP: 9/15
  3172 | D:3      | Found a glowing drain.
  3181 | Sewer    | Entered a sewer
  3491 | Sewer    | Reached skill level 5 in Earth Magic
  3716 | Sewer    | Found a white marble altar of Elyvilon.
  4342 | D:4      | Learned a level 3 spell: Stone Arrow
  4346 | D:4      | Reached XP level 7. HP: 39/43 MP: 7/17
  4614 | D:4      | Noticed Robin
  4874 | D:4      | Reached skill level 6 in Spellcasting
  4929 | D:4      | Found a staircase to the Ecumenical Temple.
  4944 | Temple   | Entered the Ecumenical Temple
  5217 | Temple   | Became a worshipper of Dithmenos the Shadowed
  5281 | D:4      | Killed Robin
  5600 | D:5      | Entered Level 5 of the Dungeon
  5629 | D:5      | Noticed Edmund
  5636 | D:5      | Killed Edmund
  5637 | D:5      | Reached skill level 5 in Fighting
  6000 | D:5      | Reached XP level 8. HP: 41/49 MP: 20/20
  6986 | D:5      | Reached skill level 7 in Spellcasting
  7571 | D:6      | Slain by a wight

Illustrated notes

Levels and vault maps discovered:
D:1:      scummos_arrival_simple_crosswalls, layout_basic, serial_bayou,
          serial_bayou_lake_a, serial_bayou_pond_d, serial_bayou_pond_e,
          serial_bayou_ford_a, shapermc_ecumenical_altar_mp_ritualfount
D:2:      layout_basic, uniq_crazy_yiuf_cottage, uniq_jessica
D:3:      layout_rooms, gammafunk_ghost_stat_death, gup_sewer_entry_bubbles,
          serial_shops, nicolae_shop_statue_plus, uniq_grinder
D:4:      layout_cave_pools, minmay_temple_entry_wispy, uniq_robin
D:5:      layout_gridville, minmay_misc_feat_room, uniq_edmund
D:6:      layout_rooms, item_on_display_b
Temple:   kilobyte_greek_temple

Skill      XL: |  1  2  3  4  5  6  7  8 |
---------------+-------------------------+-----
Fighting       | 1 2 3 4 5 |  5.8
Spellcasting   | 5 6 7 |  7.2
Earth Magic    | 4 5 6 |  6.3
Dodging        | |  2.4
Stealth        | |  2.4
Transmutations | |  1.1

Action                   |  1- 3 |  4- 6 |  7- 9 || total
-------------------------+-------+-------+-------++-------
Melee: Unarmed           |    11 |       |       ||    11
       Short sword       |    25 |       |       ||    25
       Dagger            |    21 |    11 |       ||    32
       Quarterstaff      |       |    35 |   121 ||   156
 Cast: Sandblast         |    29 |    46 |       ||    75
       Stone Arrow       |       |     2 |    21 ||    23
Evoke: Wand              |       |       |     3 ||     3
 Stab: Sleeping          |     6 |     3 |       ||     9
       Paralysed         |       |       |     1 ||     1
Armor: Robe              |     8 |    12 |    19 ||    39
       Chain mail        |       |       |    91 ||    91
Dodge: Dodged            |    45 |    45 |    48 ||   138

Table legend: (Time is in decaauts)
 A = Elapsed time spent in this place.
 B = Non-inter-level travel time spent in this place.
 C = Inter-level travel time spent in this place.
 D = Time resting spent in this place.
 E = Time spent auto-exploring this place.
 F = Levels seen in this place.
 G = Mean time per level.
                   A        B        C        D        E       F      G
               +--------+--------+--------+--------+--------+-----+--------+
         Total |   7743 |   7504 |    239 |   1130 |   5409 |   8 |  967.9 |
       Dungeon |   6809 |   6646 |    163 |    854 |   4906 |   6 | 1134.8 |
        Temple |    315 |    239 |     76 |      0 |    237 |   1 |  315.0 |
         Sewer |    618 |    618 |      0 |    276 |    265 |   1 |  618.0 |
               +--------+--------+--------+--------+--------+-----+--------+

Top non-repeatable levels by time:
     D:5: 1907 daAuts
     D:2: 1759 daAuts
     D:4: 1076 daAuts
     D:1: 1057 daAuts
     D:3: 919 daAuts
   Sewer: 618 daAuts
  Temple: 315 daAuts
     D:6: 88 daAuts
